 Dungeon Crawl Stone Soup version 0.28.0 (webtiles) character file.

Game seed: 18026792987543185502

60 Gabide the Skirmisher (level 3, -4/29 HPs)
             Began as a Mummy Monk on Feb 9, 2022.
             Slain by Natasha (7 damage)
             ... on level 2 of the Dungeon.
             The game lasted 00:03:06 (1564 turns).

Gabide the Skirmisher (Mummy Monk)                  Turns: 1564, Time: 00:03:07

Health: -4/29      AC:  3    Str: 16    XL:     3   Next: 80%
Magic:  3/3        EV: 12    Int:  9    God:
Gold:   37         SH:  0    Dex: 14    Spells: 2/2 levels left

rFire   x . .      SeeInvis .   a - +1 hand axe
rCold   + + .      Faith    .   (no shield)
rNeg    + + +      Spirit   .   b - +0 robe
rPois   ∞          Reflect  .   (no helmet)
rElec   .          Harm     .   d - +0 cloak
rCorr   .          Rampage  .   (no gloves)
Will    .....                   (no boots)
Stlth   ++........              (no amulet)
HPRegen 0.09/turn               e - ring of protection from cold
MPRegen 0.08/turn               (no ring)

@: slowed, very slow
A: cold resistance 1, negative energy resistance 3, torment resistance 2, heat
vulnerability 1, no potions
a: no special abilities


You were on level 2 of the Dungeon.
You visited 1 branch of the dungeon, and saw 2 of its levels.

You collected 37 gold pieces.

Inventory:

Hand Weapons
 a - a +1 hand axe (weapon)
Armour
 b - a +0 robe (worn)
 d - a +0 cloak (worn)
Jewellery
 c - a ring of ice
 e - a ring of protection from cold (left hand)


   Skills:
 + Level 3.6 Fighting
 + Level 3.1 Axes
 + Level 2.7 Dodging
 + Level 1.9 Stealth


You had 2 spell levels left.
You didn't know any spells.
Your spell library was empty.

Dungeon Overview and Level Annotations

Branches:
Dungeon (2/15)

Altars:

Annotations:
D:2 Natasha, Sigmund


Innate Abilities, Weirdness & Mutations

You are immune to poison.
Your flesh is cold resistant. (rC+)
You are immune to negative energy. (rN+++)
You are immune to unholy pain and torment.
You are vulnerable to heat. (rF-)
You do not drink.


Message History

The shadow imp disappears in a puff of smoke!
Natasha drinks a potion.
Natasha is healed!
The crimson imp hits you. Natasha misses you.
You are too injured to fight recklessly!
You are too injured to fight recklessly!
You are too injured to fight recklessly!
You are too injured to fight recklessly!
You are too injured to fight recklessly!
You are too injured to fight recklessly!
You are too injured to fight recklessly!
You are too injured to fight recklessly!
You are too injured to fight recklessly!
You are too injured to fight recklessly!
You are too injured to fight recklessly!
You are too injured to fight recklessly!
You are too injured to fight recklessly!
You are too injured to fight recklessly!
You are too injured to fight recklessly!
You are too injured to fight recklessly!
You are too injured to fight recklessly!
You are too injured to fight recklessly!
You are too injured to fight recklessly!
You are too injured to fight recklessly!
You are too injured to fight recklessly!
As you read the scroll labelled AJAURENTAMM, it crumbles to dust.
It is a scroll of identify.
You don't have any unidentified items.
The crimson imp hits you. Natasha closely misses you.
The crimson imp hits you but does no damage.
Natasha casts a spell at you. You resist with some effort.
The crimson imp barely misses you.
Natasha stares at you and mumbles some strange words.
The magic dart hits you!
* * * LOW HITPOINT WARNING * * *
The crimson imp barely misses you.
Natasha mumbles some strange words.
You feel disoriented. Natasha claws you!
You die...

.# #>......#.. .#
#.......... #.#
#.#..#####. #.# #.#..#
## .#### #.# #...#######
....###.####....###....
##.......#....###......
##....#.#....###........
#......@#.#.............
......5h#...####....####
..............††††#.#
.............####...#
#.........##..# ##......
.......######.........##
....... ..####...).
.>..... .... ##.##.
......# #### .# #


You could see Natasha and a crimson imp (summoned).

Vanquished Creatures
  Natasha (D:2)
  A worm (D:2)
  2 dart slugs (D:1)
  A ball python (D:2)
  4 bats
  4 endoplasms (D:1)
  2 giant cockroaches
  A goblin (D:1)
  2 hobgoblins
  3 jackals (D:2)
  A frilled lizard (D:2)
  2 kobolds
  A rat (D:1)
25 creatures vanquished.

Notes
Turn   | Place    | Note
-------+----------+-------------------------------------------
     0 | D:1      | Gabide the Mummy Monk began the quest for the Orb.
     0 | D:1      | Reached XP level 1. HP: 18/18 MP: 1/1
   231 | D:1      | Reached XP level 2. HP: 19/24 MP: 2/2
  1199 | D:2      | Noticed Natasha
  1211 | D:2      | Killed Natasha
  1212 | D:2      | Reached XP level 3. HP: 29/29 MP: 3/3
  1249 | D:2      | Noticed Sigmund
  1328 | D:2      | Found a faded altar of an unknown god.
  1549 | D:2      | Noticed Natasha
  1564 | D:2      | Slain by Natasha

Illustrated notes

Levels and vault maps discovered:
D:1:      mrwooster_arrival_statue_3, layout_basic, grunt_decor_one_mirror
D:2:      layout_rooms, hellmonk_ecumenical_altar_zigzags, uniq_natasha,
          uniq_sigmund

Skill      XL: |  1  2 |
---------------+-------+-----
Axes           | 3 |  3.1
Fighting       | |  3.6
Dodging        | |  2.7
Stealth        | |  1.9

Action                   || total
-------------------------++-------
Melee: Hand axe          ||    72
       Punch             ||     1
  Use: Scroll            ||     3
 Stab: Sleeping          ||     5
Armor: Robe              ||    16
Dodge: Dodged            ||    58
